 Dungeon Crawl Stone Soup version 0.30.1-11-g7821555f0a (webtiles) character file.

Game seed: 11399370259266435024

133 comborobin the Cudgeller (level 5, -6/45 HPs)
             Began as a Hill Orc Delver on Dec 24, 2023.
             Mangled by an orc wizard
             ... wielding a +3 dagger of electrocution
              (17 damage)
             ... on level 2 of the Dungeon.
             The game lasted 00:01:47 (627 turns).

comborobin the Cudgeller (Hill Orc Delver)           Turns: 627, Time: 00:01:48

Health: -6/45      AC:  3    Str: 17    XL:     5   Next: 16%
Magic:  5/5        EV: 11    Int: 10    God:
Gold:   42         SH:  0    Dex: 12    Spells: 4/4 levels left

rFire   . . .        h - +0 flail
rCold   . . .        (no shield)
rNeg    . . .        b - +0 leather armour
rPois   .            (no helmet)
rElec   .            (no cloak)
rCorr   .            (no gloves)
SInv    .            (no boots)
Will    .....        (no amulet)
Stlth   ++           (no ring)
HPRegen 0.27/turn    (no ring)
MPRegen 0.09/turn

%: no passive effects
@: hasted, very quick
A: no striking features
a: no special abilities


You were on level 2 of the Dungeon.
You visited 1 branch of the dungeon, and saw 6 of its levels.

You collected 42 gold pieces.

Inventory:

Hand Weapons
 a - a +0 mace
 h - a +0 flail (weapon)
Missiles
 j - 5 poisoned darts (quivered)
Armour
 b - a +0 leather armour (worn)
Wands
 g - a wand of digging (3)
Scrolls
 c - a scroll of fog
 e - a scroll of fear
 i - a scroll of vulnerability {unknown}
 k - a scroll of identify {unknown}
Potions
 d - a potion of curing {unknown}


   Skills:
 + Level 3.6 Fighting
 - Level 5.7 Maces & Flails
 - Level 1.5 Dodging
 - Level 4.1 Stealth


You had 4 spell levels left.
You didn't know any spells.
Your spell library was empty.

Dungeon Overview and Level Annotations

Branches:
Dungeon (7/15)
 Temple: D:4-7

Altars:
Dithmenos


Message History

You climb upwards.
There is a stone staircase leading down here.
You hit the orc wizard but do no damage.
The orc barely misses you.
The orc wizard points at you and mumbles some strange words.
The magic dart hits you.
You hit the orc wizard.
The orc wizard is moderately wounded.
The orc wizard gestures wildly while chanting.
The orc wizard flickers and vanishes!
Deactivating autopickup; reactivate with Ctrl-A.
The orc completely misses you.
You feel yourself speed up.
You hear some strange, mumbled words.
Something tries to affect you, but you resist.
The orc barely misses you. The orc misses you.
You hit something. You closely miss something. You hit the orc.
The orc is heavily wounded.
Something hits you. The orc hits you with a +0 hand axe.
You barely miss the orc.
The orc is heavily wounded.
The orc barely misses you.
You hit the orc but do no damage.
The orc is heavily wounded.
You hit something. You miss something. You closely miss something.
Your punch misses something. Something hits you but does no damage.
You barely miss something. You miss something. Something hits you.
You completely miss something. Something hits you.
You hit something. Something hits you.
You are electrocuted!
You miss something. You closely miss something. Something hits you.
* * * LOW HITPOINT WARNING * * *
You are electrocuted!
You die...

######## #......#
#......#
##......#############
.........o.@.........
#...$..#.###########
#....o.#.#
#......#o#.####
#######.........
#......... #.....###.
#........ #.....###


You could see an orc.

Vanquished Creatures
  A scorpion (D:5)
  A hound (D:5)
  3 adders
  3 orcs
  2 endoplasms
  A goblin (D:4)
  A hobgoblin (D:2)
  A kobold (D:4)
13 creatures vanquished.

Notes
Turn   | Place    | Note
-------+----------+-------------------------------------------
     0 | D:5      | comborobin the Hill Orc Delver began the quest for the Orb.
     0 | D:5      | Reached XP level 1. HP: 19/19 MP: 1/1
    64 | D:5      | Noticed a hound
    75 | D:5      | Killed a hound
    76 | D:5      | Reached skill level 4 in Maces & Flails
    76 | D:5      | Reached XP level 2. HP: 9/26 MP: 2/2
    76 | D:5      | Reached XP level 3. HP: 11/31 MP: 3/3
   195 | D:5      | Noticed a scorpion
   202 | D:5      | Killed a scorpion
   203 | D:5      | Reached skill level 5 in Maces & Flails
   203 | D:5      | Reached XP level 4. HP: 39/39 MP: 4/4
   253 | D:4      | Found a shadowy altar of Dithmenos.
   433 | D:2      | Reached XP level 5. HP: 30/45 MP: 5/5
   627 | D:2      | Mangled by an orc wizard

Illustrated notes

Levels and vault maps discovered:
D:2:      layout_basic, basic_altar, uniq_natasha
D:3:      layout_loops_cross
D:4:      layout_gridville, nicolae_overflow_hidden_temple,
          ashenzari_conservatory_becter, nzn_hepliaklqana_mist_gate,
          minmay_temple_entry_ruins
D:5:      layout_rooms
D:6:      layout_basic, serial_shops, nicolae_shop_just_a_little_nook,
          guppyfry_shop_venom, uniq_eustachio
D:7:      layout_basic, mainiacjoe_overflow_surrounded_room,
          nicolae_overflow_quartered_altars, nicolae_ossuary_entry_plus,
          minmay_fire_ice_demons, uniq_joseph, uniq_pikel

Skill      XL: |  1  2  3 |
---------------+----------+-----
Maces & Flails | 4 5 |  5.7
Fighting       | |  3.6
Dodging        | |  1.5
Stealth        | |  4.1

Action                     |  1- 3 |  4- 6 || total
---------------------------+-------+-------++-------
  Melee: Flail             |    15 |    55 ||    70
         Mace              |     5 |       ||     5
         Punch             |     1 |       ||     1
  Throw: Dart              |     4 |       ||     4
    Use: Scroll            |     1 |       ||     1
         Potion            |       |     1 ||     1
   Stab: Sleeping          |     1 |     2 ||     3
 Armour: Leather armour    |     4 |    12 ||    16
  Dodge: Dodged            |    20 |    41 ||    61
